cohdb
Replays
Latest Replays
All Replays
Popular Replays
Top Player Replays
Match Explorer
How It Works
Community
CoH3 Stats
Reddit
Sign in to upload your games and track your stats! →
Sign in with Steam
Match 41234287
Unlisted
Match 41234287
Overview
Messages
Build Orders
End
Kradschützen Motorcycle Team
Panzergrenadier Squad
Panzergrenadier Squad
Construct Light Support Kompanie
MG34 Team
2.5-tonne Medical Truck
Fire Support Elements
Flakvierling Half-track
Panzerjäger Mechanized Group
Selects Panzerjäger Kommand Battlegroup
Selects Tank Busters
Selects Mine Fields
Vehicle Survival Package
Veteran Squad Leaders
Combat Half-tracks
Construct Panzerarmee Kommand
le.IG 18 Mechanized Group
Walking Stuka Rocket Launcher
Selects Crew Shock Tactics
Selects Anti-tank Overwatch
Mr.Faraam
DaRtH VaDeRX2020
Clavis
MZMZ
BlackJackKing
Stuart
佛系玩家
ckdgus813
0
0
Comments
sign in to comment!
No comments posted yet!